[Event "*** Titled Tuesday Blitz"]
[Site "Chess.com"]
[Date "2020.12.29"]
[Round "1"]
[White "ZverevLev"]
[Black "tjychess"]
[Result "0-1"]
[WhiteElo "2392"]
[BlackElo "2729"]
[TimeControl "180+1"]
[EndTime "10:07:42 PST"]
[Termination "tjychess won by resignation"]

1. e4 e5 2. Nf3 Nc6 3. Bb5 a6 4.
Ba4 Nf6 5. d3 b5 6. Bb3 Bc5 7.
c3 d6 8. O-O h6 9. Nbd2 O-O 10. Re1 Bb6 11. h3 Ne7 12. Nf1 Ng6 13. Ng3 Be6 14. Bc2 Re8 15. Be3 c5 16. Qd2 d5 17. exd5 Nxd5 18. Rad1 Nxe3 19. fxe3 Nh4 20. Nxh4 Qxh4 21. Qf2 Rad8 22. e4 Rd6 23. Kh2 c4 24.
Qf3 Red8 25. dxc4 bxc4 26. Rxd6 Rxd6 27. Rd1 Rxd1 28. Qxd1 Qf4 29. Qf3 Qc1 30. Qd1 Qxb2 31. Nf5 Qxc3 32. Ba4 Qd3 33. Qg4 g6 34. Nxh6+ Kf8 35.
Qh4 Bd8 36. Qf2 Bg5 37. Ng4 Qxe4 38. g3 Kg7 39. Bc2 Qd4 40. Qe2 Bxg4 41. hxg4 Qd2 42.
Qxd2 Bxd2 43. Kg2 Kf6 44. Kf3 Kg5 45. Be4 f5 46. gxf5 gxf5 47. Bc2 Bb4 48. g4 fxg4+ 49. Ke4 g3 50. Kf3 Kh4 51. Be4 Kh3 52. Bf5+ Kh2 53. Ke4 g2 54. Kxe5 g1=Q 55. Ke6 Qc5 0-1

[Event "*** Titled Tuesday Blitz"]
[Site "Chess.com"]
[Date "2020.12.29"]
[Round "1"]
[White "Evgeny81"]
[Black "serena-maria"]
[Result "1-0"]
[WhiteElo "2727"]
[BlackElo "2388"]
[TimeControl "180+1"]
[EndTime "10:07:44 PST"]
[Termination "Evgeny81 won by checkmate"]

1. c4 Nf6 2. Nc3 d5 3. cxd5 Nxd5 4. g3 g6 5. Bg2 Nb6 6. d3 Bg7 7. Be3 Nc6 8. h4 Nd4 9. h5 Nf5 10. Bf4 e5 11. Bd2 c6 12. Nf3 Bf6 13. Ne4 Be6 14. Nxf6+ Qxf6 15. Bg5 Qg7 16. h6 Qf8 17.
Bf6 Rg8 18. Bxe5 Nxh6 19. Qd2 Ng4 20. Rxh7 Nxe5 21. Nxe5 Rh8 22. Rxh8 Qxh8 23. Nf3 O-O-O 24. Qc3 Qh6 25. Rc1 Bxa2 26. Ra1 Bd5 27. Rxa7 Kb8 28. Ra1 Re8 29. Qa5 Kc7 30. Qd2 Qh5 31. Qf4+ Kc8 32.
Kf1 Qh8 33. Qb4 Kc7 34. Rc1 Qf6 35. e4 Be6 36. d4 Bh3 37. Bxh3 Qxf3 38. Bg2 Qd3+ 39.
Kg1 Re6 40. d5 Rf6 41. e5 Rf5 42. d6+ Kd7 43. Qxb6 Qd2 44. Qc7+ Ke6 45. Qe7# 1-0

[Event "*** Titled Tuesday Blitz"]
[Site "Chess.com"]
[Date "2020.12.29"]
[Round "1"]
[White "A-S-00"]
[Black "Airquake"]
[Result "0-1"]
[WhiteElo "2257"]
[BlackElo "2560"]
[TimeControl "180+1"]
[EndTime "10:07:44 PST"]
[Termination "Airquake won by resignation"]

1. d4 Nf6 2. c4 e6 3. Nc3 b6 4. e4 Bb7 5. Qc2 Bb4 6. f3 c5 7. d5 exd5 8. cxd5 d6 9. Bb5+ Nbd7 10.
Ne2 O-O 11. O-O Ne5 12. f4 Ng6 13. Bd3 Re8 14. a3 Ba5 15. Rb1 Bxc3 16. Nxc3 a6 17.
a4 Qd7 18. Bd2 Rac8 19. b3 Qg4 20. Be2 Qh4 21. g3 Qh3 22. Bf3 Ng4 23. Bc1 Nf6 24. Bb2 c4 25. b4 Qd7 26. Rbe1 a5 27. b5 Qe7 28. h4 Nd7 29. h5 Ngf8 30. Bg4 Rcd8 31.
h6 Nc5 32. hxg7 Ng6 33. Bf3 Nd3 34. Re2 Qf6 35. Qd1 Nxb2 36. Rxb2 Qxc3 37. Rc2 Qe3+ 38. Kg2 Rc8 39. Re1 Qc5 40. Bg4 Rc7 41. Rc3 Qb4 42. Qc2 Bxd5 43. Bf3 Bb7 44. Rb1 Qc5 45. Rc1 Qd4 46.
Rxc4 Rxc4 47. Qxc4 Qd2+ 48. Kh1 Qf2 49. Qe2 Qxg3 50.
f5 Nf4 51. Qe3 Nh3 52. Rc2 Bxe4 53. Qxe4 Rxe4 54. Rc8+ Kxg7 55. Bxe4 0-1

[Event "*** Titled Tuesday Blitz"]
[Site "Chess.com"]
[Date "2020.12.29"]
[Round "1"]
[White "shanemelaughcm"]
[Black "francyIM"]
[Result "0-1"]
[WhiteElo "2372"]
[BlackElo "2703"]
[TimeControl "180+1"]
[EndTime "10:07:45 PST"]
[Termination "francyIM won on time"]

1. e4 d6 2. d4 Nf6 3. Nc3 e5 4. dxe5 dxe5 5. Qxd8+ Kxd8 6. Bg5 c6 7. O-O-O+ Kc7 8.
f4 h6 9. Bxf6 gxf6 10. Bc4 Bg4 11. Nf3 exf4 12. Bxf7 Nd7 13. Rdf1 Bc5 14. Nh4 Ne5 15. Bb3 Rhd8 16. h3 Bd7 17. Kb1 Be3 18. Nd1 Bd2 19. Nf3 Nxf3 20. Rxf3 c5 21. Bd5 Bb5 22.
c4 Ba6 23. Kc2 Ba5 24. Rxf4 Rd6 25. Rhf1 Re8 26. Rxf6 Rxd5 27. exd5 Bxc4 28. d6+ Kd7 29. R1f2 Be1 30. Rf7+ Bxf7 31. Rxf7+ Kxd6 32. Rxb7 Re2+ 33. Kb3 Rxg2 34. Rxa7 Rg3+ 35. Kc4 Rxh3 36. Ra6+ Ke5 37. Kxc5 h5 38. b4 Rd3 39. b5 Rxd1 40. b6 Rc1+ 41. Kb5 Rb1+ 42. Kc6 Ke6 43. b7 Bg3 44. Ra3 h4 45. Re3+ Kf5 46. a4 Kg4 47. a5 h3 0-1

[Event "*** Titled Tuesday Blitz"]
[Site "Chess.com"]
[Date "2020.12.29"]
[Round "1"]
[White "WonderChampion"]
[Black "vanyakuba"]
[Result "0-1"]
[WhiteElo "2056"]
[BlackElo "2490"]
[TimeControl "180+1"]
[EndTime "10:07:45 PST"]
[Termination "vanyakuba won by checkmate"]

1. d4 d5 2. Bg5 c5 3. e3 Nc6 4.
Nf3 Qb6 5. Nc3 e6 6. Bb5 a6 7.
Bxc6+ Qxc6 8. O-O Nf6 9. Ne5 Qc7 10. Bf4 Bd6 11. Qf3 b5 12. Rad1 Bb7 13. Ng4 Bxf4 14.
Nxf6+ gxf6 15. exf4 cxd4 16. Rxd4 Qc5 17. Rfd1 Rc8 18. Qg3 Qf8 19. Qh4 Qg7 20. Re1 Rc4 21.
Rd2 O-O 22. Rd3 e5 23. Rg3 Rxf4 24. Rxg7+ Kxg7 25. Qg3+ Kh8 26. Qh3 Rg8 27. Qh6 Rg6 28.
Qf8+ Rg8 29. Qxf7 Rg7 30. Qe8+ Rg8 31. Qe6 d4 32. Ne2 Rxg2+ 33. Kh1 Rgxf2+ 34. Kg1 Rg2+ 35. Kh1 Rxe2+ 36. Kg1 Rg2+ 37. Kh1 Rxc2+ 38. Kg1 Rg2+ 39. Kh1 Rxb2+ 40. Kg1 Rg2+ 41. Kh1 Re2+ 42. Kg1 Rxe1# 0-1

[Event "*** Titled Tuesday Blitz"]
[Site "Chess.com"]
[Date "2020.12.29"]
[Round "1"]
[White "Dinamo81"]
[Black "IMUffeVinther-Schou"]
[Result "0-1"]
[WhiteElo "2659"]
[BlackElo "2377"]
[TimeControl "180+1"]
[EndTime "10:07:46 PST"]
[Termination "IMUffeVinther-Schou won on time"]

1. d4 Nf6 2. Bf4 e6 3. e3 c5 4.
Nc3 Qb6 5. Rb1 a6 6. Nf3 Nc6 7. Be2 cxd4 8. exd4 Bb4 9. O-O O-O 10. d5 Ne7 11. a3 Bxc3 12. bxc3 Qa5 13. Bd6 Re8 14. dxe6 dxe6 15. Ne5 Ned5 16. c4 Nc3 17. Qe1 Nfe4 18. Nxf7 Kxf7 19. Bb4 Nxe2+ 20. Qxe2 Qf5 21. Rb3 Kg8 22.
Rf3 Qg6 23. Re1 Bd7 24. Re3 Bc6 25. f3 Ng5 26. h4 Nh3+ 27. Kh2 Nf4 28. Qf2 Rad8 29.
Re5 Nh5 30. Rg5 Qh6 31. Bd2 Nf6 32. Bc3 Rf8 33. Qg3 Rde8 34. Ree5 Kh8 35. Rh5 Qc1 36. Reg5 Rf7 37. Bxf6 gxf6 38. Rg4 Qxc2 39. Rh6 Ref8 40.
Qd6 Qf5 41. Rf4 Qe5 0-1

[Event "*** Titled Tuesday Blitz"]
[Site "Chess.com"]
[Date "2020.12.29"]
[Round "1"]
[White "Oleksandr_Bortnyk"]
[Black "SaqoChess_Twitch"]
[Result "1-0"]
[WhiteElo "2935"]
[BlackElo "2467"]
[TimeControl "180+1"]
[EndTime "10:07:47 PST"]
[Termination "Oleksandr_Bortnyk won by resignation"]

1. e4 c5 2. c3 d5 3. exd5 Qxd5 4. d4 e6 5. Be3 cxd4 6. cxd4 Nc6 7. Nc3 Qd6 8. Nf3 Nf6 9. Bd3 Be7 10. O-O O-O 11.
a3 a6 12. Qe2 b5 13. Rad1 Bb7 14. Bb1 Rac8 15. Bg5 Rfd8 16. Rfe1 b4 17. Ne4 Nxe4 18. Qxe4 g6 19. Bxe7 Qxe7 20. d5 Na5 21. Qxb4 Qxb4 22. axb4 Nc4 23. dxe6 Rxd1 24. exf7+ Kxf7 25. Rxd1 Bxf3 26.
gxf3 Nxb2 27. Ba2+ Kg7 28. Rd6 Rb8 29. Rd4 Rc8 30.
Kg2 Rc3 31. Rd7+ Kh6 32. Bg8 Nd3 33. Rxh7+ Kg5 34. h4+ Kf6 35. Rf7+ Ke5 36. Kg3 Nxb4 37. Kg4 a5 38. f4+ Kd4 39. Rf6 Nd3 40. Rd6+ Kc5 41.
Rxg6 Nxf2+ 42. Kf5 a4 43. h5 a3 44. h6 Rh3 45.
Ra6 Kb4 46. h7 Nd3 47. Kg5 Nc5 48. Rh6 Rg3+ 49. Kf5 Nb3 50. Bxb3 Kxb3 51. h8=Q a2 52. Rb6+ 1-0

[Event "*** Titled Tuesday Blitz"]
[Site "Chess.com"]
[Date "2020.12.29"]
[Round "1"]
[White "elamier"]
[Black "BahadirOzen"]
[Result "0-1"]
[WhiteElo "2407"]
[BlackElo "2771"]
[TimeControl "180+1"]
[EndTime "10:07:47 PST"]
[Termination "BahadirOzen won by resignation"]

1. e4 e5 2. Nf3 Nc6 3. Bb5 Nf6 4. d3 Bc5 5. O-O Nd4 6. Nxd4 Bxd4 7. c3 Bb6 8. Be3 c6 9. Ba4 O-O 10. Nd2 d5 11.
Bg5 h6 12. Bh4 Be6 13. h3 Bc7 14. Qf3 g5 15. Bg3 Nd7 16. Qh5 Kg7 17. Rfe1 f5 18.
exd5 Bxd5 19. c4 Bf7 20. Qe2 Re8 21. Bc2 a5 22. Qd1 Nc5 23. Nf3 f4 24. Bh2 Qf6 25.
d4 exd4 26. Qxd4 Qxd4 27. Nxd4 h5 28. Nf5+ Kf6 29. b3 Be5 30. Rad1 Bg6 31. Nd4 Bxd4 32. Bxg6 Kxg6 33. Rxe8 Rxe8 34. Kf1 Bc3 35. h4 Nd3 36. hxg5 Kxg5 37. g3 f3 38. g4 Kxg4 39. Bg3 h4 40.
Bd6 Re2 41. Kg1 Re1+ 42. Rxe1 Bxe1 0-1

[Event "*** Titled Tuesday Blitz"]
[Site "Chess.com"]
[Date "2020.12.29"]
[Round "1"]
[White "Susal_De_Silva"]
[Black "MasterMK73"]
[Result "1-0"]
[WhiteElo "2565"]
[BlackElo "2268"]
[TimeControl "180+1"]
[EndTime "10:07:47 PST"]
[Termination "Susal_De_Silva won on time"]

1. e4 c5 2. Nf3 a6 3. c3 d6 4. Bd3 g6 5. Bc2 Bg7 6. O-O Qc7 7. d4 Nd7 8. Re1 e5 9. a4 b6 10. Na3 Ngf6 11. d5 O-O 12. Nc4 Rb8 13. h3 h6 14.
Nh2 Kh7 15. Nf1 Nh5 16. Ng3 Nf4 17. Bxf4 exf4 18. Ne2 f3 19. gxf3 Ne5 20. Nxe5 dxe5 21. Ng3 Bxh3 22. Qd2 Bf6 23. f4 exf4 24. Nh5 Qe5 25.
Nxf6+ Qxf6 26. f3 Qg5+ 27. Kh1 Qg3 28. Qe2 Bd7 29. e5 Rbe8 30. Qg2 Qh4+ 31. Qh2 Qxh2+ 32.
Kxh2 Re7 33. d6 Ree8 34. Bb3 Be6 35. c4 Rd8 36. Rad1 Rd7 37. a5 bxa5 38. Ba4 Rdd8 39.
b3 f6 40. d7 Rf7 41. Rd6 Bf5 42. e6 Re7 43. Rc6 g5 44. Rc8 Rexd7 45. exd7 1-0

[Event "*** Titled Tuesday Blitz"]
[Site "Chess.com"]
[Date "2020.12.29"]
[Round "1"]
[White "Chernobay_Artem"]
[Black "Logman74"]
[Result "1-0"]
[WhiteElo "2660"]
[BlackElo "2344"]
[TimeControl "180+1"]
[EndTime "10:07:50 PST"]
[Termination "Chernobay_Artem won on time"]

1. e4 c5 2. Nf3 d6 3. d4 cxd4 4. Nxd4 Nf6 5. Nc3 a6 6. Bg5 e6 7. f4 Qc7 8. Qf3 Be7 9. f5 e5 10. Nb3 Nbd7 11. a4 b6 12. Bd3 Bb7 13. O-O O-O 14.
Rad1 Nc5 15. Nxc5 Qxc5+ 16. Kh1 Rac8 17. Qe2 Ra8 18. Bc4 Rfc8 19. Bxf6 Bxf6 20. Bd5 Bxd5 21. Nxd5 Qxc2 22. Qg4 Kh8 23. Nxb6 Qc6 24. Nxa8 Rxa8 25. Qe2 Qxa4 26. Rxd6 h6 27. h3 a5 28. Qd3 Kh7 29. Qd5 Ra7 30. Rd1 Rc7 31. b3 Qb4 32. Rd7 Rxd7 33.
Qxd7 Qxb3 34. Qd5 Qc2 35. Ra1 a4 36. Qxf7 Qxe4 37. Qg6+ Kg8 38. Qe8+ Kh7 39. Qxa4 Qxf5 40. Re1 Qc8 41. Qe4+ Kg8 42. Rd1 1-0

[Event "*** Titled Tuesday Blitz"]
[Site "Chess.com"]
[Date "2020.12.29"]
[Round "1"]
[White "Vusatiuk_Vladimir"]
[Black "elisak43"]
[Result "1-0"]
[WhiteElo "2298"]
[BlackElo "2556"]
[TimeControl "180+1"]
[EndTime "10:07:50 PST"]
[Termination "Vusatiuk_Vladimir won on time"]

1. d4 Nf6 2. c4 e6 3. Nc3 Bb4 4.
e3 b6 5. Ne2 Bb7 6. a3 Bxc3+ 7.
Nxc3 O-O 8. Bd3 d6 9. O-O Nbd7 10.
e4 e5 11. d5 a5 12. Be3 Nc5 13. Bc2 Qd7 14. b4 axb4 15. axb4 Na6 16. Rb1 Qe7 17.
f3 Nb8 18. Ra1 Na6 19. Rb1 Rfc8 20. Ba4 Nb8 21. c5 dxc5 22. bxc5 Ba6 23. Rf2 bxc5 24.
Rfb2 Nbd7 25. Bc6 Rab8 26. Qa4 Bd3 27. Rxb8 Rxb8 28. Rxb8+ Nxb8 29. Qa8 Qf8 30. Qa7 h5 31. Bxc5 Nxc6 32. dxc6 Qd8 33. h3 h4 34. Qb7 Nh5 35. Nd5 Bc4 36. Qxc7 Qg5 37. Qb8+ Kh7 38. Qb2 Bxd5 39.
exd5 Nf4 40. c7 Nxh3+ 41. Kh1 Qg3 42. gxh3 Qxh3+ 43. Kg1 Qg3+ 44. Qg2 Qe1+ 45. Kh2 h3 46. Qxh3+ 1-0

[Event "*** Titled Tuesday Blitz"]
[Site "Chess.com"]
[Date "2020.12.29"]
[Round "1"]
[White "Son_of_Sultan"]
[Black "TheKingDoctor"]
[Result "1-0"]
[WhiteElo "2537"]
[BlackElo "2206"]
[TimeControl "180+1"]
[EndTime "10:07:50 PST"]
[Termination "Son_of_Sultan won by resignation"]

1. Nf3 Nf6 2. g3 d5 3. Bg2 c5 4. O-O Nc6 5. d4 e6 6. c4 Be7 7.
dxc5 Bxc5 8. a3 a5 9. Nc3 d4 10. Nb5 e5 11. e3 O-O 12. exd4 exd4 13. Bf4 Be6 14. Rc1 Rc8 15. Ne1 Bg4 16. Qc2 Re8 17. Nd3 Bf8 18. Rfe1 Qd7 19. Bg5 Bf5 20. Bxf6 gxf6 21.
Qd2 Bg6 22. Nf4 Ne5 23. Nd5 Qd8 24. Qxd4 Bc5 25. Qh4 Be7 26. Rcd1 Rxc4 27. Nxf6+ Bxf6 28. Rxd8 Bxh4 29. Rxe8+ Kg7 30. R8xe5 Bf6 31. R5e2 Rc7 32. Nc3 b6 33. Nd5 Rc6 34. Nxf6 Rxf6 35. f4 Rd6 36.
Bf3 Bd3 37. Kf2 Bxe2 38. Rxe2 Kf6 39. h4 Rd7 40. g4 Rc7 41. g5+ Kg7 42. Kg3 Re7 43. h5 Rxe2 44. Bxe2 f6 45. Bd3 fxg5 46. fxg5 h6 47. Kg4 hxg5 48. Kxg5 1-0

[Event "*** Titled Tuesday Blitz"]
[Site "Chess.com"]
[Date "2020.12.29"]
[Round "1"]
[White "bilelou"]
[Black "Anton_Zhukov04"]
[Result "1-0"]
[WhiteElo "2518"]
[BlackElo "2150"]
[TimeControl "180+1"]
[EndTime "10:07:50 PST"]
[Termination "bilelou won by resignation"]

1. d4 Nf6 2. Nc3 d5 3. Bg5 e6 4. e4 Be7 5. e5 Nfd7 6. Bxe7 Qxe7 7. f4 O-O 8. Nf3 c5 9. Qd2 Nc6 10. h4 cxd4 11. Nxd4 Nxd4 12. Qxd4 Qc5 13. Qxc5 Nxc5 14.
Nb5 Bd7 15. Nd4 Rac8 16. Bd3 a6 17. Kd2 f6 18. Rhf1 fxe5 19. fxe5 g6 20. Ke3 Rxf1 21. Rxf1 Rf8 22. Rxf8+ Kxf8 23. b3 Ke7 24. Kf4 Be8 25.
Kg5 Nd7 26. Nf3 Kf7 27. Kh6 Kg8 28. b4 Bf7 29. c4 Nb6 30. c5 Nc4 31. a4 Ne3 32. g3 Be8 33. b5 axb5 34. axb5 Nc4 35. Bxc4 dxc4 36. Nd4 c3 37. b6 Ba4 38. Kg5 Kf7 39. Kf4 Ke7 40. Ke3 Kd7 41. Kd3 c2 42. Kd2 h6 43. Kc1 Ke7 44. Nxc2 Kd7 45. Nd4 g5 46.
hxg5 hxg5 47. Kd2 Ke7 48. Ke3 Kd7 49. Kf3 Bd1+ 50. Ke3 g4 51. Kf4 Ke7 52. Kg5 Kd7 53. Kf6 Ba4 54. Kf7 1-0

[Event "*** Titled Tuesday Blitz"]
[Site "Chess.com"]
[Date "2020.12.29"]
[Round "1"]
[White "Efremov_Vlad"]
[Black "Federtiu"]
[Result "1-0"]
[WhiteElo "2265"]
[BlackElo "2513"]
[TimeControl "180+1"]
[EndTime "10:07:52 PST"]
[Termination "Efremov_Vlad won by resignation"]

1. d4 g6 2. c4 Bg7 3. Nf3 d6 4. g3 Nf6 5. Bg2 O-O 6. O-O c6 7.
Nc3 a6 8. e4 Bg4 9. h3 Bxf3 10.
Bxf3 Nfd7 11. Be3 c5 12. Bg2 Nc6 13. dxc5 dxc5 14. Rc1 Nd4 15. f4 Rc8 16. e5 Nf5 17. Bf2 b6 18. g4 Nd4 19. Bxd4 cxd4 20. Qxd4 Nc5 21. Rfd1 Qxd4+ 22. Rxd4 g5 23. Nd5 Rfe8 24. Re1 Ne6 25. Rd2 Rxc4 26. f5 Nf4 27. Nxb6 Rb4 28. Nd5 Nxd5 29. Bxd5 e6 30. fxe6 fxe6 31. Bb3 Rb5 32.
Ba4 Reb8 33. Bxb5 Rxb5 34. Rde2 Kf7 35. Kf2 Rb4 36. b3 Bf8 37. Rc1 Rb5 38. Rc7+ Kg6 39.
Rc6 Bc5+ 40. Kf3 a5 41. Rxe6+ Kg7 42. Ra6 Bb4 43. e6 Rb7 44. Re5 h6 45. Rf5 Kg8 46. Rf7 Rxf7+ 47. exf7+ Kxf7 48. Ke4 Kg7 49. Kd5 1-0

[Event "*** Titled Tuesday Blitz"]
[Site "Chess.com"]
[Date "2020.12.29"]
[Round "1"]
[White "jens1102"]
[Black "vinniethepooh"]
[Result "1/2-1/2"]
[WhiteElo "2376"]
[BlackElo "2694"]
[TimeControl "180+1"]
[EndTime "10:07:53 PST"]
[Termination "Game drawn by repetition"]

1. e4 c5 2. Nf3 d6 3. Nc3 Nf6 4. Bb5+ Nbd7 5. O-O a6 6. Bxd7+ Bxd7 7. d4 cxd4 8. Nxd4 e5 9. Nf5 Bxf5 10. exf5 h6 11. f4 Be7 12. Be3 O-O 13. Nd5 Rc8 14. Bb6 Qe8 15.
c3 Nxd5 16. Qxd5 Qc6 17. Qxc6 Rxc6 18. Be3 Bf6 19. fxe5 Bxe5 20. Bf4 Re8 21. Rae1 f6 22. Bxe5 dxe5 23. Rd1 Re7 24. Rd8+ Kh7 25. Rfd1 g6 26. R1d7 Rc7 27. Rxc7 Rxc7 28. g4 h5 29. h3 hxg4 30.
hxg4 Kh6 31. fxg6 Rg7 32. Kf2 Kxg6 33. Kf3 Rh7 34. Rg8+ Kf7 35. Rb8 Ke6 36. Ke4 Rh4 37. Rxb7 Rxg4+ 38. Kf3 Ra4 39. a3 Kf5 40. Rb6 a5 41.
Rb5 Rf4+ 42. Ke3 a4 43. Rb4 Rxb4 44. axb4 Ke6 45. c4 f5 46. Kf3 Kd6 47. Ke3 Kc6 48. Kf3 Kd6 49. Ke3 e4 50. Kd4 Ke6 51. b5 Kd6 52.
c5+ Kc7 53. Ke3 Kb7 54. Kf4 Kc7 55. Ke3 Kd7 56. Kf4 Kc7 57. Ke3 1/2-1/2

[Event "*** Titled Tuesday Blitz"]
[Site "Chess.com"]
[Date "2020.12.29"]
[Round "1"]
[White "Ze-Pequeno"]
[Black "szabadaba"]
[Result "1-0"]
[WhiteElo "2327"]
[BlackElo "2591"]
[TimeControl "180+1"]
[EndTime "10:07:53 PST"]
[Termination "Ze-Pequeno won by resignation"]

1. e4 c6 2. b3 d5 3. Bb2 dxe4 4.
Nc3 Nf6 5. Nge2 Bg4 6. h3 Bh5 7. g4 Bg6 8. Nf4 Nbd7 9. Bg2 Nc5 10.
Qe2 e6 11. h4 Bd6 12. Nxg6 hxg6 13. O-O-O Qa5 14. Kb1 O-O-O 15. g5 Nh5 16. Nxe4 Nxe4 17. Bxe4 Be5 18. d4 Bd6 19. Qf3 Rd7 20. c4 Ba3 21.
Bc3 Bb4 22. Bb2 Rhd8 23. Qe3 Kb8 24. Rh3 Bd6 25. Rf3 Qc7 26. Bc1 c5 27. d5 Be5 28.
Rd3 Bd4 29. Qe2 exd5 30. Bxd5 Re7 31. Qd1 Rde8 32. Bd2 Ka8 33. Qc2 a6 34. a4 Ka7 35.
Ka2 f5 36. gxf6 gxf6 37. Qd1 Re2 38. Kb1 Qh2 39. Qf1 Qxh4 40. Rh3 Qg4 41. Bf3 Qf5 42. Bxe2 Rxe2 43. Qxe2 Qxh3 44. Rxh3 f5 45. Be3 Nf6 46. Bxd4 cxd4 47. Qd3 Ne4 48. Qxd4+ 1-0

[Event "*** Titled Tuesday Blitz"]
[Site "Chess.com"]
[Date "2020.12.29"]
[Round "1"]
[White "FLamps8"]
[Black "Morshynska"]
[Result "1-0"]
[WhiteElo "2535"]
[BlackElo "2202"]
[TimeControl "180+1"]
[EndTime "10:07:53 PST"]
[Termination "FLamps8 won on time"]

1. d4 d5 2. c4 c6 3. Nc3 Nf6 4. Bg5 Nbd7 5. cxd5 cxd5 6. e3 h6 7.
Bh4 e6 8. Bd3 Be7 9. Nf3 O-O 10.
O-O b6 11. Rc1 Bb7 12. Bg3 a6 13. Ne5 b5 14. Bb1 Rc8 15. Qd3 Re8 16. Bh4 Nf8 17. Ne2 Qd6 18. Bg3 Qb4 19. Qb3 Qxb3 20. axb3 Ne4 21. Bxe4 dxe4 22. f3 f6 23. Ng4 h5 24. Nf2 exf3 25. gxf3 Bxf3 26. Nc3 Bb7 27. h4 Nd7 28. Nd3 Kf7 29. Nf4 g6 30. Nd3 Nb6 31.
e4 Kg7 32. Bf2 Nd7 33. d5 exd5 34. Nxd5 Bxd5 35. exd5 Ne5 36. Nxe5 fxe5 37. Bg3 Bd6 38. Rc6 Rxc6 39. dxc6 Rc8 40. Rd1 Rxc6 41. Re1 Kf6 42. Rf1+ Ke6 43. Re1 Rc2 44. Ra1 Rxb2 45. Rxa6 Rxb3 46.
Bf2 Rb1+ 47. Kg2 Rb2 48. Kf3 Rb3+ 49. Kg2 Rb2 50. Kf3 Rb3+ 51. Kg2 Rc3 52. Be1 1-0

[Event "*** Titled Tuesday Blitz"]
[Site "Chess.com"]
[Date "2020.12.29"]
[Round "1"]
[White "Harsha_Bharathakoti"]
[Black "Rytenko_V"]
[Result "1/2-1/2"]
[WhiteElo "2832"]
[BlackElo "2446"]
[TimeControl "180+1"]
[EndTime "10:07:54 PST"]
[Termination "Game drawn by repetition"]

1. d4 d5 2. c4 c6 3. Nf3 Nf6 4. Nc3 e6 5. e3 Bd6 6. Qc2 O-O 7. Bd3 h6 8. O-O Nbd7 9. b3 dxc4 10. bxc4 e5 11. Ne2 Re8 12. Ng3 exd4 13. exd4 Bxg3 14. hxg3 Nf8 15. Bb2 Be6 16. Rfe1 Qa5 17. Bc3 Qc7 18. Ne5 Rad8 19. Rab1 N8d7 20. Nf3 b6 21. a4 Bg4 22. a5 Nf8 23. Ne5 Be6 24. axb6 axb6 25. Qa4 b5 26. cxb5 cxb5 27. Qa3 Ra8 28. Qb2 Bc4 29. Bxc4 bxc4 30. Qb7 Rac8 31. Qf3 Rb8 32. d5 Rxb1 33. Rxb1 Rxe5 34.
Bxe5 Qxe5 35. Rd1 c3 36. d6 c2 37. Rc1 Qxd6 38. Rxc2 Qd5 39. Qxd5 Nxd5 40. Rc8 g6 41. Ra8 Kg7 42. f3 Nf6 43. Kf2 Ne6 44. Ra7 h5 45.
Ra6 Nd5 46. Ra5 Nb4 47. Ra4 Nd5 48. Ra5 Ne7 49. Ra7 Nf5 50. Ra6 Nfd4 51. Ra7 Kf6 52. Ra6 g5 53. Ra5 Nc6 54. Ra6 Ne5 55. Ra8 Nd3+ 56. Ke3 Ne1 57. Kf2 Nd3+ 58. Ke3 Ne1 59. Kf2 Nd3+ 1/2-1/2

[Event "*** Titled Tuesday Blitz"]
[Site "Chess.com"]
[Date "2020.12.29"]
[Round "1"]
[White "realmadridtv"]
[Black "VerdeNotte"]
[Result "0-1"]
[WhiteElo "2450"]
[BlackElo "2887"]
[TimeControl "180+1"]
[EndTime "10:07:55 PST"]
[Termination "VerdeNotte won by resignation"]

1. e4 c5 2. Nf3 g6 3. c4 Nc6 4. d4 cxd4 5. Nxd4 Nf6 6. Nc3 d6 7.
Be2 Bg7 8. Be3 O-O 9. O-O Bd7 10. f3 Qb6 11. Nc2 Qxb2 12. Nb5 Rac8 13. Nxa7 Nxa7 14. Bxa7 Nh5 15. f4 Bc6 16. Bxh5 Bxe4 17. Bf3 Bxc2 18. Qd2 Rxc4 19. Kh1 b6 20. Qe3 e6 21. Bxb6 d5 22. a4 Rxa4 23. Rxa4 Bxa4 24. Bc7 Rc8 25. Be5 Bxe5 26. fxe5 Bb5 27. Re1 d4 28. Qg5 d3 29. h4 d2 30. Rd1 h6 31. Qxd2 Qxd2 32.
Rxd2 Rc5 33. h5 gxh5 34. Bxh5 Rxe5 35. Rd8+ Kg7 36. Bf3 Be2 37. Bc6 Bc4 38. Kg1 Bd5 39.
Bxd5 Rxd5 40. Rc8 f5 41. Rc7+ Kg6 42. Kf2 f4 43. Re7 Kf6 44. Re8 e5 45. Rh8 Kg5 46. Kf3 Rd3+ 47. Ke4 Re3+ 48. Kd5 Re2 49. Ke6 Kh4 50.
Rg8 Re3 51. Kf5 h5 52. Re8 Kg3 53. Rh8 Kxg2 54. Rxh5 f3 55. Rg5+ Kf1 56. Kg4 f2 57. Rf5 Ke2 0-1

[Event "*** Titled Tuesday Blitz"]
[Site "Chess.com"]
[Date "2020.12.29"]
[Round "1"]
[White "sopo-tereladze"]
[Black "Iskusnyh"]
[Result "1/2-1/2"]
[WhiteElo "2293"]
[BlackElo "2577"]
[TimeControl "180+1"]
[EndTime "10:07:55 PST"]
[Termination "Game drawn by repetition"]

1. e4 e6 2. d4 d5 3. Nd2 c5 4. exd5 exd5 5. Ngf3 Nc6 6. Bb5 cxd4 7. Nxd4 Bd6 8. Nxc6 bxc6 9. Bxc6+ Bd7 10. Bxa8 Qxa8 11.
O-O Nf6 12. Re1+ Be6 13. h3 O-O 14. Nf3 Ne4 15. Nd4 Qb8 16. Nf3 Qb6 17. Qe2 Re8 18. c3 a5 19. Be3 Qb8 20. Nd4 Bd7 21. Rad1 Ba4 22. b3 Nxc3 23. Qg4 Nxd1 24. Rxd1 Re4 25.
Qg5 Be8 26. Nf5 Bf8 27. Bd4 g6 28. Qf6 Rxd4 29. Nxd4 Bg7 30. Qf3 Qe5 31. Qe3 Qb8 32. Re1 Bd7 33. Qe7 Bxd4 34. Qxd7 Qb6 35. Rf1 Qc5 36.
Qe8+ Kg7 37. Qe2 Bf6 38. Rd1 d4 39. Qd3 Qa3 40. Qd2 h5 41. Rc1 h4 42. Rd1 Qc5 43. Qe2 Qa3 44. Qd2 Qd6 45. Re1 Qa3 46. Qe2 Qd6 47. Rd1 Qa3 48. Qd2 1/2-1/2

[Event "*** Titled Tuesday Blitz"]
[Site "Chess.com"]
[Date "2020.12.29"]
[Round "1"]
[White "Matveev_Vladimir"]
[Black "ClydeHillKid"]
[Result "1/2-1/2"]
[WhiteElo "2696"]
[BlackElo "2382"]
[TimeControl "180+1"]
[EndTime "10:07:56 PST"]
[Termination "Game drawn - insufficient material"]

1. d4 d5 2. c4 e6 3. Nf3 Nf6 4. g3 Be7 5. Bg2 O-O 6. O-O Nbd7 7. Qc2 c5 8. dxc5 Nxc5 9. Rd1 Qc7 10. Bf4 Bd6 11.
Bxd6 Qxd6 12. Nc3 Bd7 13. cxd5 exd5 14. e4 Ncxe4 15. Nxd5 Rac8 16. Nxf6+ Nxf6 17. Qxc8 Qxd1+ 18. Rxd1 Rxc8 19. Ne5 Be8 20. Bxb7 Rb8 21. Bc6 Rxb2 22. Bxe8 Nxe8 23. Rd7 Rxa2 24. Rxf7 Ra5 25. Re7 Kf8 26.
Nc6 Rc5 27. Re6 Nc7 28. Rd6 a5 29. f4 a4 30. Rd8+ Kf7 31. Ne5+ Ke7 32. Rd3 Ne6 33. Rd7+ Ke8 34. Ra7 Rc1+ 35. Kg2 Ra1 36. Nc6 a3 37. Re7+ Kf8 38. Ra7 a2 39. Nb4 Rb1 40.
Nxa2 Ra1 41. Ra6 Kf7 42. Nb4 Rxa6 43. Nxa6 Kf6 44. Nb4 g5 45. Nd5+ Kf5 46. fxg5 Kxg5 47. Kf3 h5 48. h4+ Kf5 49. Ne3+ Kf6 50. Ke4 Nc5+ 51. Kd5 Nd3 52. Kd4 Nf2 53. Ng2 Nh1 54.
Nf4 Nxg3 55. Ke3 Nf5+ 56. Ke4 Nxh4 57. Nxh5+ 1/2-1/2

[Event "*** Titled Tuesday Blitz"]
[Site "Chess.com"]
[Date "2020.12.29"]
[Round "1"]
[White "javirec"]
[Black "BeanScreen"]
[Result "1-0"]
[WhiteElo "2382"]
[BlackElo "2665"]
[TimeControl "180+1"]
[EndTime "10:07:56 PST"]
[Termination "javirec won by checkmate"]

1. e4 e5 2. Nf3 Nc6 3. Bb5 a6 4. Ba4 d6 5. c3 Nf6 6. d4 b5 7. Bb3 Be7 8. O-O O-O 9. h3 Bb7 10. Re1 Nb8 11. Nbd2 Nbd7 12. Bc2 Re8 13. Nf1 Bf8 14.
Ng3 g6 15. Bg5 Bg7 16. Qd2 c5 17. Rad1 cxd4 18. cxd4 Rc8 19. Bb3 exd4 20. Nxd4 Nc5 21. Bd5 Bxd5 22. exd5 Re5 23. Nc6 Rxe1+ 24. Rxe1 Qf8 25.
Ne7+ Kh8 26. Nxc8 Qxc8 27. Rc1 Qd7 28. Bh6 Kg8 29. Bxg7 Kxg7 30. b4 Na4 31. Qd4 Qe7 32. Rc6 Qe1+ 33. Kh2 Qe7 34. Rxa6 h5 35. Ra7 Qd8 36.
Ne4 Nb6 37. Nxf6 Qxf6 38. Qxb6 Qe5+ 39. g3 h4 40. Qe3 hxg3+ 41. Qxg3 Qd4 42. Rd7 Qxd5 43.
Rxd6 Qxa2 44. Qe5+ Kh7 45. Qg3 Kg7 46. Rd4 Qb2 47.
Qe5+ f6 48. Rd7+ Kh6 49. Qxb2 f5 50. Qh8+ Kg5 51. Qd8+ Kf4 52. Rd3 Ke5 53. Qd6+ Ke4 54.
Re3# 1-0